 Dungeon Crawl Stone Soup version 0.30.0-29-ga12c61a403 (webtiles) character file.

Game seed: 1737347135188311968

642 Chilbo the Chopper (level 7, -2/61 HPs)
             Began as a Hill Orc Reaver on June 10, 2023.
             Slain by a kobold brigand
             ... wielding a +1 short sword of flaming
              (6 damage)
             ... on level 6 of the Dungeon.
             The game lasted 00:22:45 (4783 turns).

Chilbo the Chopper (Hill Orc Reaver)                Turns: 4783, Time: 00:22:46

Health: -2/61      AC: 10    Str: 17    XL:     7   Next: 51%
Magic:  9/9        EV:  9    Int: 13    God:
Gold:   320        SH:  0    Dex:  9    Spells: 7/9 levels left

rFire   + . .        a - +1 hand axe
rCold   . . .        (no shield)
rNeg    . . .        s - +4 scale mail {rF+}
rPois   .            (no helmet)
rElec   .            (no cloak)
rCorr   .            (no gloves)
SInv    .            (no boots)
Will    .....        (no amulet) Stlth
                     (no ring)
HPRegen 0.30/turn    (no ring)
MPRegen 0.11/turn

%: no passive effects
@: no status effects
A: no striking features
a: no special abilities


You were on level 6 of the Dungeon.
You visited 1 branch of the dungeon, and saw 6 of its levels.

You collected 320 gold pieces.

Inventory:

Hand Weapons
 a - a +1 hand axe (weapon)
 w - a +0 sling
Missiles
 c - 4 poisoned darts
 d - 10 atropa-tipped darts
 e - 3 throwing nets
 k - 6 javelins (quivered)
 n - 2 curare-tipped darts
 x - 49 stones
Armour
 b - a +0 leather armour
 s - a +4 scale mail of fire resistance (worn)
Wands
 t - a wand of iceblast (4)
Scrolls
 h - 2 scrolls of fog
 i - a scroll of enchant weapon
 j - a scroll of silence {unknown}
 m - 5 scrolls of enchant armour {unknown}
 p - a scroll of fear {unknown}
 r - a scroll of poison {unknown}
 y - a scroll of blinking {unknown}
 B - a scroll of teleportation {unknown}
Potions
 f - a potion of haste {unknown}
 g - a potion of magic
 l - 2 potions of curing
 o - a potion of cancellation
 q - 2 potions of invisibility {unknown}
 u - a potion of flight {unknown}
 v - a potion of might
 z - a potion of heal wounds {unknown}
 A - 2 potions of lignification {unknown}


   Skills:
 + Level 5.3 Fighting
 + Level 7.6 Axes
 - Level 2.0 Dodging
 - Level 1.5 Spellcasting
 * Level 5.3 Conjurations


You had 7 spell levels left.
You knew the following spells:

 Your Spells              Type           Power      Damage    Failure   Level
a - Kiss of Death         Conj/Necr      32%        2d7       32%         1
b - Shock                 Conj/Air       32%        1d5       32%         1

Your spell library contained the following spells:

 Spells                   Type           Power      Damage    Failure   Level
 Searing Ray              Conj           30%        2d5       16%         2
 Momentum Strike          Conj/Tloc      16%        3d8       45%         2
 Hailstorm                Conj/Ice       8%         3d4       69%         3
 Mephitic Cloud           Conj/Pois/Air  5%         N/A       80%         3
 Cigotuvi's Dreadful Rot  Necr/Pois/Air  2%         N/A       83%         2
 Ensorcelled Hibernation  Hex/Ice        2%         N/A       83%         2
 Passwall                 Tmut/Erth      0%         N/A       83%         2
 Sublimation of Blood     Necr           1%         N/A       83%         2
 Swiftness                Air            1%         N/A       96%         3
 Vhi's Electric Charge    Tloc/Air       2%         N/A       96%         3
 Airstrike                Air            0%         2d(1-17)  100%        4
 Arcjolt                  Conj/Air       4%         1d14      100%        5
 Infestation              Necr           0%         N/A       100%        8
 Maxwell's Capacitive Co  Air            0%         ∞         100%        8


Dungeon Overview and Level Annotations

Branches:
Dungeon (6/15)
 Temple: D:4-7

Altars:
Ashenzari
Elyvilon
Hepliaklqana
Makhleb
Ru
Sif Muna
Trog
Vehumet

Annotations:
D:3 Edmund
D:4 Pikel
D:6 Sigmund


Message History

The kobold brigand hits you with a +1 short sword of flaming.
* * * LOW HITPOINT WARNING * * *
You hit the kobold brigand but do no damage.
The kobold brigand is heavily wounded.
You hit the kobold.
You kill the kobold!
You closely miss the kobold. The kobold hits you with a +0 club.
* * * LOW HITPOINT WARNING * * *
The kobold brigand barely misses you.
You hit the kobold brigand.
The kobold brigand is heavily wounded.
You barely miss the kobold. The kobold hits you with a +0 club.
* * * LOW HITPOINT WARNING * * *
The kobold brigand hits you with a +1 short sword of flaming.
* * * LOW HITPOINT WARNING * * *
You barely miss the kobold brigand.
The kobold brigand is heavily wounded.
You barely miss the kobold. The kobold closely misses you.
The kobold brigand closely misses you.
You miss the kobold brigand.
The kobold brigand is heavily wounded.
You barely miss the kobold. The kobold barely misses you.
The kobold brigand hits you with a +1 short sword of flaming.
* * * LOW HITPOINT WARNING * * *
The kobold brigand burns you.
* * * LOW HITPOINT WARNING * * *
You hit the kobold brigand but do no damage.
The kobold brigand is heavily wounded.
You closely miss the kobold. The kobold hits you but does no damage.
The kobold brigand barely misses you.
You closely miss the kobold brigand.
The kobold brigand is heavily wounded.
You hit the kobold. The kobold hits you but does no damage.
The kobold brigand closely misses you.
You slash the kobold brigand!
The kobold brigand is severely wounded.
You closely miss the kobold. The kobold hits you with a +0 club.
* * * LOW HITPOINT WARNING * * *
The kobold brigand hits you with a +1 short sword of flaming.
You die...

#......#...####
#...#.##.........
#...#.##....##..#
#...#.##....##..####+###
#...#.##................
#...'......##...........
#...#.#>#'###...........
###.#.#.#.###..)........
###.#.#.#......K@.....!.
<...#.#.#####..K########
#####.#.# #...#......#
#.#.# ##..#...>..# #.#.#
#..)......# #.##......#
#.# ......# #.# ..K...#
#.# ##.....


You could see a kobold brigand and a kobold.

Vanquished Creatures
  An ice beast (D:5)
  An ogre (D:6)
  A crimson imp (D:3)
  2 jellies
  A sleepcap (D:5)
  An orc wizard (D:4)
  Natasha (thrice) (D:3)
  Terence (D:3)
  10 adders
  A white imp (D:4)
  3 worms (D:3)
  3 dart slugs
  6 orcs
  13 endoplasms
  4 giant cockroaches
  9 goblins
  10 hobgoblins
  9 jackals
  15 kobolds
  9 quokkas
  5 ball pythons
  5 bats
  4 frilled lizards
  4 rats
121 creatures vanquished.

Notes
Turn   | Place    | Note
-------+----------+-------------------------------------------
     0 | D:1      | Chilbo the Hill Orc Reaver began the quest for the Orb.
     0 | D:1      | Reached XP level 1. HP: 18/18 MP: 3/3
   163 | D:1      | Reached XP level 2. HP: 25/25 MP: 4/4
   456 | D:1      | Reached XP level 3. HP: 30/30 MP: 5/5
   862 | D:2      | Reached skill level 5 in Axes
  1010 | D:2      | Found a faded altar of an unknown god.
  1120 | D:2      | Reached XP level 4. HP: 37/38 MP: 6/6
  1346 | D:2      | Found a hazy altar of Hepliaklqana.
  1640 | D:3      | Noticed Natasha
  1654 | D:3      | Killed Natasha
  1655 | D:3      | Reached skill level 6 in Axes
  1655 | D:3      | Reached XP level 5. HP: 17/46 MP: 7/7
  1746 | D:3      | Noticed Natasha
  2054 | D:3      | HP: 2/46 [cerulean imp/+2 spear[Natasha] (3)]
  2055 | D:3      | Killed Natasha
  2304 | D:3      | Noticed Natasha
  2329 | D:4      | Noticed Edmund
  2388 | D:3      | Killed Natasha
  2392 | D:3      | Learned a level 1 spell: Shock
  2507 | D:3      | Noticed Terence
  2531 | D:3      | Killed Terence
  2675 | D:3      | Found a burning altar of Makhleb.
  2676 | D:3      | Found a radiant altar of Vehumet.
  2683 | D:3      | Reached XP level 6. HP: 33/41 MP: 8/8
  2858 | D:3      | Found a hazy altar of Hepliaklqana.
  3466 | D:4      | Reached skill level 7 in Axes
  3852 | D:4      | Found a sacrificial altar of Ru.
  3852 | D:4      | Found a broken altar of Ashenzari.
  3853 | D:4      | Noticed Pikel
  3875 | D:5      | Entered Level 5 of the Dungeon
  3910 | D:5      | Reached XP level 7. HP: 51/58 MP: 9/9
  4208 | D:5      | Found a shimmering blue altar of Sif Muna.
  4225 | D:5      | Reached skill level 5 in Fighting
  4225 | D:5      | Reached skill level 5 in Conjurations
  4378 | D:5      | Found a bloodstained altar of Trog.
  4400 | D:5      | Found a white marble altar of Elyvilon.
  4673 | D:6      | Noticed Sigmund
  4723 | D:6      | Got the Lectures on Fulmination and Unspeakable Deeds
  4783 | D:6      | Slain by a kobold brigand

Illustrated notes

Levels and vault maps discovered:
D:1:      dpeg_arrival_three_smaller_balls, layout_basic
D:2:      layout_loops_ring, basic_altar, shapermc_ecumenical_altar_petra,
          serial_park_tiny_2, minmay_pentomino_p4
D:3:      layout_loops_cross, grunt_temple_overflow_lords_of_destruction,
          nicolae_hepliaklqana_hippocampus, uniq_natasha, uniq_terence
D:4:      layout_rooms, mainiacjoe_overflow_large_starburst,
          lemuel_temple_firewalk_b, amethyst_killhole, uniq_edmund, uniq_pikel
D:5:      layout_loops_ring, mainiacjoe_overflow_alcove_4, trog_hazing_becter,
          lemuel_round_altar, minmay_strange_pillars
D:6:      black_bear_nest_1, layout_basic, grunt_dithmenos_shadows,
          mainiacjoe_overflow_boulevard, serial_bayou_crossing, uniq_sigmund

Skill      XL: |  1  2  3  4  5  6  7 |
---------------+----------------------+-----
Fighting       | 3 4 5 |  5.3
Dodging        | 2 |  2.0
Axes           | 5 6 7 |  7.6
Conjurations   | 4 5 |  5.3
Spellcasting   | |  1.5

Action                     |  1- 3 |  4- 6 |  7- 9 || total
---------------------------+-------+-------+-------++-------
  Melee: Hand axe          |   140 |   277 |    95 ||   512
         Punch             |       |     1 |     1 ||     2
   Cast: Kiss of Death     |       |     1 |       ||     1
    Use: Scroll            |       |     5 |       ||     5
         Potion            |       |     3 |       ||     3
 Armour: Leather armour    |    35 |    30 |       ||    65
         Scale mail        |       |    67 |    54 ||   121
  Dodge: Dodged            |   101 |   151 |    44 ||   296
